[ AOE2 MATCH · #495992533 ]
UnrankedBritons vs Gurjaras
Player's team · WIN
Rival team · LOSS
[ REPLAY ANALYSIS · EXTRACTED FROM THE RECORDED GAME ]
Feudal
9:18
Castle
—
Imperial
—
| APM avg | 53.0 |
| APM peak | 92 |
| eAPM avg | 19.8 |
| Villagers / military | 51 / 14 |
Focus
⚔️ 18.1% · 🌾 81.9%
Scout Cavalry ×9 · Skirmisher ×5
Feudal
16:20
Castle
23:13
Imperial
—
| APM avg | 50.6 |
| APM peak | 83 |
| eAPM avg | 22.8 |
| Villagers / military | 51 / 6 |
Focus
⚔️ 23.0% · 🌾 77.0%
Spearman ×6
Match map
Initial resources + every placement click. Lines = walls · curves = elevation contours. ◆ gold · ⬟ stone · ● berries · ✦ relic · ◌ wall gap
Your base· Open — unwalled flank
gaga's base· Open — unwalled flank
Smoothed initial terrain · ◌ = detected wall gap · hover for details
Inputs per minute
— se7e - - gaga
Build order — se7e
135 actions detected in the replay
| 0:00 | Queue | Villager (Male) |
| 0:00 | Queue | Villager (Male) |
| 0:01 | Queue | Villager (Male) |
| 0:01 | Queue | Villager (Male) |
| 0:02 | Build | House |
| 0:03 | Build | House |
| 1:29 | Queue | Villager (Male) |
| 1:29 | Queue | Villager (Male) |
| 1:51 | Queue | Villager (Male) |
| 1:52 | Queue | Villager (Male) |
| 2:17 | Build | Lumber Camp |
| 2:27 | Queue | Villager (Male) |
| 2:27 | Queue | Villager (Male) |
| 2:52 | Queue | Villager (Male) |
| 2:53 | Queue | Villager (Male) |
| 3:29 | Build | House |
| 3:33 | Queue | Villager (Male) |
| 3:33 | Queue | Villager (Male) |
| 3:59 | Queue | Villager (Male) |
| 3:59 | Queue | Villager (Male) |
| 4:52 | Build | Mill |
| 5:17 | Queue | Villager (Male) |
| 5:17 | Queue | Villager (Male) |
| 6:00 | Queue | Villager (Male) |
| 6:13 | Build | Barracks |
| 6:30 | Research | Loom |
| 6:51 | Build | House |
| 6:52 | Build | House |
| 7:08 | Research | Feudal Age |
| 7:08 | Research | Feudal Age |
| 7:14 | Build | Palisade Wall |
| 7:19 | Build | Palisade Wall |
| 7:32 | Queue | Villager (Male) |
| 7:32 | Queue | Villager (Male) |
| 8:16 | Queue | Villager (Male) |
| 9:18 | Age | Feudal Age |
| 9:44 | Build | Lumber Camp |
| 9:54 | Queue | Villager (Male) |
| 9:54 | Queue | Villager (Male) |
| 10:31 | Queue | Villager (Male) |
| 10:51 | Queue | Villager (Male) |
| 11:11 | Research | Double-Bit Axe |
| 11:35 | Build | Palisade Wall |
| 11:42 | Build | Town Center |
| 12:08 | Build | Palisade Wall |
| 12:10 | Build | Palisade Wall |
| 12:12 | Build | Palisade Wall |
| 12:36 | Queue | Villager (Male) |
| 12:48 | Queue | Villager (Male) |
| 13:02 | Build | Farm |
| 13:19 | Build | Watch Tower |
| 13:26 | Queue | Villager (Male) |
| 13:29 | Build | Farm |
| 13:30 | Build | Farm |
| 13:32 | Build | Farm |
| 13:35 | Build | Palisade Wall |
| 13:39 | Build | House |
| 13:49 | Build | Palisade Wall |
| 13:58 | Queue | Villager (Male) |
| 13:59 | Queue | Villager (Male) |
| 14:01 | Build | Farm |
| 14:02 | Build | Farm |
| 14:28 | Queue | Villager (Male) |
| 14:43 | Build | House |
| 14:54 | Queue | Villager (Male) |
| 14:54 | Queue | Villager (Male) |
| 14:59 | Build | Stable |
| 15:25 | Build | Farm |
| 15:27 | Build | Farm |
| 15:28 | Queue | Villager (Male) |
| 15:29 | Queue | Villager (Male) |
| 15:46 | Build | House |
| 15:57 | Queue | Scout Cavalry |
| 15:58 | Queue | Scout Cavalry |
| 15:58 | Queue | Scout Cavalry |
| 16:04 | Queue | Villager (Male) |
| 16:04 | Queue | Villager (Male) |
| 16:09 | Build | Farm |
| 16:33 | Queue | Villager (Male) |
| 16:37 | Build | Farm |
| 16:54 | Queue | Scout Cavalry |
| 17:02 | Queue | Villager (Male) |
| 17:11 | Queue | Villager (Male) |
| 17:19 | Queue | Scout Cavalry |
| 17:41 | Build | Farm |
| 17:43 | Build | Farm |
| 17:44 | Build | Farm |
| 17:49 | Queue | Villager (Male) |
| 17:54 | Build | Watch Tower |
| 18:02 | Queue | Scout Cavalry |
| 18:09 | Queue | Villager (Male) |
| 18:48 | Build | Palisade Wall |
| 18:49 | Build | Palisade Wall |
| 18:51 | Build | Palisade Wall |
| 19:02 | Build | Archery Range |
| 19:18 | Queue | Villager (Male) |
| 19:30 | Build | House |
| 19:38 | Queue | Scout Cavalry |
| 19:38 | Queue | Scout Cavalry |
| 19:45 | Queue | Skirmisher |
| 19:45 | Queue | Skirmisher |
| 20:06 | Build | Outpost |
| 20:08 | Queue | Villager (Male) |
| 20:08 | Queue | Villager (Male) |
| 20:20 | Queue | Skirmisher |
| 20:33 | Build | Mining Camp |
| 20:49 | Queue | Skirmisher |
| 20:49 | Queue | Skirmisher |
| 20:50 | Queue | Scout Cavalry |
| 21:26 | Build | Blacksmith |
| 21:30 | Build | House |
| 21:30 | Build | House |
| 21:41 | Build | Watch Tower |
| 22:16 | Build | Watch Tower |
| 22:26 | Build | Watch Tower |
| 22:50 | Research | Fletching |
| 22:50 | Queue | Villager (Male) |
| 22:51 | Build | Farm |
| 22:52 | Build | Farm |
| 22:54 | Build | Farm |
| 22:55 | Build | Farm |
| 22:59 | Queue | Villager (Male) |
| 22:59 | Queue | Villager (Male) |
| 23:27 | Queue | Villager (Male) |
| 23:52 | Build | Palisade Wall |
| 23:53 | Build | Palisade Wall |
| 23:55 | Build | Palisade Wall |
| 24:05 | Build | Farm |
| 24:05 | Build | Farm |
| 24:08 | Queue | Villager (Male) |
| 24:12 | Build | House |
| 24:12 | Build | House |
| 24:44 | Build | Farm |
| 25:02 | Build | Watch Tower |
| 25:09 | Build | Watch Tower |
Build order — gaga
105 actions detected in the replay
| 0:01 | Queue | Villager (Male) |
| 0:01 | Queue | Villager (Male) |
| 0:02 | Build | House |
| 0:03 | Build | House |
| 0:20 | Queue | Villager (Male) |
| 0:20 | Queue | Villager (Male) |
| 0:21 | Queue | Villager (Male) |
| 0:29 | Build | Mill |
| 1:35 | Queue | Villager (Male) |
| 1:35 | Queue | Villager (Male) |
| 2:07 | Queue | Villager (Male) |
| 2:08 | Queue | Villager (Male) |
| 2:55 | Queue | Villager (Male) |
| 2:55 | Queue | Villager (Male) |
| 3:10 | Queue | Villager (Male) |
| 3:10 | Queue | Villager (Male) |
| 3:31 | Build | House |
| 3:34 | Queue | Villager (Male) |
| 3:34 | Queue | Villager (Male) |
| 3:58 | Queue | Villager (Male) |
| 3:58 | Queue | Villager (Male) |
| 4:07 | Build | Lumber Camp |
| 4:30 | Research | Loom |
| 4:30 | Research | Loom |
| 5:06 | Queue | Villager (Male) |
| 5:06 | Queue | Villager (Male) |
| 5:24 | Queue | Villager (Male) |
| 5:24 | Queue | Villager (Male) |
| 5:24 | Queue | Villager (Male) |
| 5:24 | Queue | Villager (Male) |
| 6:01 | Build | House |
| 6:27 | Queue | Villager (Male) |
| 7:18 | Build | Town Center |
| 7:28 | Build | Palisade Wall |
| 7:38 | Build | Palisade Wall |
| 8:21 | Queue | Villager (Male) |
| 8:22 | Queue | Villager (Male) |
| 8:22 | Queue | Villager (Male) |
| 8:33 | Build | Palisade Wall |
| 9:51 | Queue | Villager (Male) |
| 9:51 | Queue | Villager (Male) |
| 10:27 | Queue | Villager (Male) |
| 10:34 | Build | Mill |
| 10:57 | Queue | Villager (Male) |
| 10:57 | Queue | Villager (Male) |
| 10:57 | Queue | Villager (Male) |
| 11:28 | Queue | Villager (Male) |
| 11:28 | Queue | Villager (Male) |
| 12:05 | Queue | Villager (Male) |
| 12:05 | Queue | Villager (Male) |
| 12:10 | Build | House |
| 12:26 | Queue | Villager (Male) |
| 12:26 | Queue | Villager (Male) |
| 12:27 | Queue | Villager (Male) |
| 12:27 | Queue | Villager (Male) |
| 12:29 | Queue | Villager (Male) |
| 12:57 | Build | Mill |
| 13:07 | Queue | Villager (Male) |
| 13:08 | Queue | Villager (Male) |
| 13:08 | Queue | Villager (Male) |
| 13:08 | Queue | Villager (Male) |
| 14:10 | Research | Feudal Age |
| 14:10 | Research | Feudal Age |
| 14:29 | Build | Mill |
| 14:45 | Build | Lumber Camp |
| 15:10 | Build | House |
| 15:57 | Build | Barracks |
| 16:20 | Age | Feudal Age |
| 16:27 | Research | Town Watch |
| 16:27 | Research | Town Watch |
| 16:28 | Research | Double-Bit Axe |
| 16:28 | Research | Double-Bit Axe |
| 16:29 | Queue | Villager (Male) |
| 16:37 | Build | Lumber Camp |
| 16:49 | Queue | Spearman |
| 16:50 | Queue | Spearman |
| 17:19 | Queue | Spearman |
| 17:34 | Queue | Villager (Male) |
| 17:56 | Build | Mining Camp |
| 18:01 | Build | Market |
| 18:21 | Queue | Spearman |
| 18:22 | Queue | Spearman |
| 18:34 | Queue | Villager (Male) |
| 18:39 | Build | House |
| 18:59 | Queue | Spearman |
| 19:13 | Build | Blacksmith |
| 19:30 | Build | Watch Tower |
| 19:53 | Build | Farm |
| 19:57 | Build | Farm |
| 19:59 | Queue | Villager (Male) |
| 20:33 | Research | Castle Age |
| 20:39 | Build | Farm |
| 20:40 | Build | Farm |
| 20:51 | Build | Watch Tower |
| 20:58 | Build | Palisade Wall |
| 21:01 | Build | Palisade Wall |
| 21:04 | Build | Palisade Wall |
| 22:40 | Build | Watch Tower |
| 22:42 | Research | Fletching |
| 22:42 | Research | Fletching |
| 23:13 | Age | Castle Age |
| 23:45 | Research | Stone Mining |
| 24:02 | Queue | Villager (Male) |
| 24:50 | Build | Castle |
| 25:12 | Build | Palisade Wall |
Match timeline
| 6:13 | se7e · first_building Barracks |
| 7:14 | se7e · wall_segment Palisade Wall x1 |
| 7:19 | se7e · wall_segment Palisade Wall x1 |
| 7:28 | gaga · wall_segment Palisade Wall x1 |
| 7:38 | gaga · wall_segment Palisade Wall x1 |
| 8:33 | gaga · wall_segment Palisade Wall x1 |
| 9:18 | se7e · age_up feudal |
| 11:35 | se7e · wall_segment Palisade Wall x1 |
| 12:08 | se7e · wall_segment Palisade Wall x1 |
| 12:10 | se7e · wall_segment Palisade Wall x1 |
| 12:12 | se7e · wall_segment Palisade Wall x1 |
| 13:35 | se7e · wall_segment Palisade Wall x1 |
| 13:49 | se7e · wall_segment Palisade Wall x1 |
| 14:59 | se7e · first_building Stable |
| 15:57 | gaga · first_building Barracks |
| 16:20 | gaga · age_up feudal |
| 18:48 | se7e · wall_segment Palisade Wall x1 |
| 18:49 | se7e · wall_segment Palisade Wall x2 |
| 18:51 | se7e · wall_segment Palisade Wall x1 |
| 19:02 | se7e · first_building Archery Range |
| 19:18 | gaga · first_market_buy 100 food |
| 20:58 | gaga · wall_segment Palisade Wall x1 |
| 21:01 | gaga · wall_segment Palisade Wall x1 |
| 21:04 | gaga · wall_segment Palisade Wall x1 |
| 23:13 | gaga · age_up castle |
| 23:52 | se7e · wall_segment Palisade Wall x1 |
| 23:53 | se7e · wall_segment Palisade Wall x1 |
| 23:55 | se7e · wall_segment Palisade Wall x1 |
| 24:50 | gaga · first_building Castle |
| 25:12 | gaga · wall_segment Palisade Wall x1 |
| 25:30 | gaga · first_market_sell 100 wood |
| 25:42 | gaga · resign |
[ AI ANALYSIS · 1 CREDIT ]
What really happened in this match?
Wolo.gg analyzes every decision: build order, eco, micro, common mistakes by bracket. Personalized analysis on WhatsApp or Discord in 30 seconds.
Civ guide
Britons
Perfil
Jugador #675842